 Dungeon Crawl Stone Soup version 0.30.1-11-g7821555f0a (webtiles) character file.

Game seed: 10805566002575048689

359 ChrisAssaf the Insei (level 6, -4/43 HPs)
             Began as a Djinni Transmuter on Nov 19, 2023.
             Slain by an iguana (12 damage)
             ... on level 4 of the Dungeon.
             The game lasted 00:07:20 (1914 turns).

ChrisAssaf the Insei (Djinni Transmuter)            Turns: 1914, Time: 00:07:21

Health: -4/43      AC:  2    Str: 11    XL:     6   Next: 97%
Gold:   77         EV: 20    Int: 14    God:
                   SH:  0    Dex: 19

rFire   . .          .
                       - Unarmed
rCold   . . .        (shield currently unavailable)
rNeg    . . .        a - melded +0 robe
rPois   ∞            (helmet currently unavailable)
rElec   .            (cloak currently unavailable)
rCorr   .            (gloves currently unavailable)
SInv    .            (boots unavailable)
Will    .....        (no amulet)
Stlth   ++           (no ring)
HPRegen 0.27/turn    (no ring)
MPRegen 0.00/turn

%: infuse magic (-5 HP)
@: spider-form (expiring), flying, very slightly contaminated
A: venomous fangs, flying, sickness immunity, tiny, (fire resistance 2), (cold
vulnerability 1), float, innate caster, HP casting, extra vitality 1
a: End Transformation


You were on level 4 of the Dungeon.
You were a venomous arachnid creature.
You visited 1 branch of the dungeon, and saw 5 of its levels.

You collected 77 gold pieces.

Inventory:

Missiles
 d - a boomerang (quivered)
Armour
 a - a +0 robe (melded)
Jewellery
 j - a +5 ring of evasion
Wands
 p - a wand of flame (5)
 q - a wand of mindburst (2)
Scrolls
 h - 2 scrolls of amnesia
 k - a scroll of fog {unknown}
 l - a scroll of torment {unknown}
 m - a scroll of fear {unknown}
 o - a scroll of silence {unknown}
Potions
 b - a potion of lignification
 c - 2 potions of curing
 e - a potion of mutation {unknown}
 f - 2 potions of resistance {unknown}
 g - a potion of degeneration {unknown}
 i - a potion of ambrosia {unknown}
 n - a potion of flight {unknown}


   Skills:
 * Level 2.1 Fighting
 * Level 1.8 Throwing
 * Level 1.5 Armour
 * Level 2.9 Dodging
 * Level 1.3 Stealth
 * Level 4.4 Unarmed Combat
 * Level 2.7 Spellcasting
 * Level 0.6 Evocations


You knew the following spells:

 Your Spells              Type           Power      Damage    Failure   Level
a - Beastly Appendage     Tmut           18%        N/A       19%         1
b - Wereblood             Tmut           9%         N/A       26%         2
c - Spider Form           Tmut/Pois      9%         N/A       43%         3
d - Ice Form              Ice/Tmut       9%         N/A       77%         4
e - Sting                 Tmut/Pois      36%        1d4       19%         1
f - Searing Ray           Conj           18%        2d5       26%         2
Your spell library was empty.

Dungeon Overview and Level Annotations

Branches:
Dungeon (5/15)
 Temple: D:4-7

Altars:
Yredelemnul

Shops:
D:1 (   D:3 *


Innate Abilities, Weirdness & Mutations

You are a venomous arachnid creature.
You have venomous fangs.
You are tiny and dextrous.
You are flying.
Your spellcasting is less reliable in this form.
Your armour is entirely melded.
You are incapable of wielding weapons or throwing items.
You are immune to sickness and miasma.
You are immune to poison.
((Your flesh is very heat resistant. (rF++)))
((You are vulnerable to cold. (rC-)))
You float through the air rather than walking.
You learn spells naturally, not from books.
Your magical power is your life essence.
You have superior vitality. (+4 MHP)


Message History

The iguana barely misses you.
The searing ray hits the iguana but does no damage.
The iguana is moderately wounded.
The iguana barely misses you.
The searing ray hits the iguana.
The iguana is heavily wounded.
You finish channelling your searing ray.
The iguana closely misses you.
Casting: Searing Ray (safe; 11% risk of failure)
Confirm with . or Enter, or press ? or * to list all spells.
The spell is quite dangerous to miscast (22% risk of failure)!
Continue anyway?
You miscast Spider Form.
You are very lightly contaminated with residual magic.
Nothing appears to happen.
The iguana bites you but does no damage.
Casting: Spider Form (quite dangerous; 22% risk of failure)
Confirm with . or Enter, or press ? or * to list all spells.
The spell is quite dangerous to miscast (22% risk of failure)!
Continue anyway?
You turn into a venomous arachnid creature.
Your +0 robe melds into your body.
The iguana bites you!
You hit the iguana but do no damage.
The iguana is heavily wounded.
You barely miss the iguana.
The iguana is heavily wounded.
The iguana completely misses you.
You hit the iguana.
The iguana is severely wounded.
The iguana completely misses you.
You hit the iguana but do no damage.
The iguana is poisoned.
The iguana is severely wounded.
Your transformation is almost over.
The iguana closely misses you.
You hit the iguana but do no damage.
The iguana is severely wounded.
The iguana misses you. The iguana attacks as you move away!
The iguana closely misses you. The iguana bites you!
* * * LOW HITPOINT WARNING * * *
The iguana attacks as you move away! The iguana bites you!
You die...

# #.... )# #
#....#### #.#
####.#........
...# .....#
.....##...
...### #......
8#...# +....#
##.#.# ##....#
##.#.#
#.....#####
.#.# #
#.###...s.#
##.. ..
#†.)†l# #.. ##
#..........#
..
#......##.##
#......#
#.....##
.........
###......##
.......#


You could see an iguana (very poisoned).

Vanquished Creatures
  A phantom (D:5)
  2 scorpions (D:5)
  A human zombie (D:4)
  An orc priest (D:5)
  A sleepcap (D:5)
  A scorpion zombie (D:4)
  2 adders
  A dart slug (D:5)
  7 orcs
  3 ball pythons
  A bat (D:1)
  3 endoplasms
  3 giant cockroaches (D:4)
  2 goblins
  5 hobgoblins
  A quokka (D:2)
  A frilled lizard (D:1)
  A kobold (D:2)
37 creatures vanquished.

Notes
Turn   | Place    | Note
-------+----------+-------------------------------------------
     0 | D:1      | ChrisAssaf the Djinni Transmuter began the quest for the
                  | Orb.
     0 | D:1      | ChrisAssaf set off with the following spells memorised:
                  | Beastly Appendage, Wereblood, Spider Form, Ice Form.
     0 | D:1      | Reached XP level 1. HP: 17/17 MP: 0/0
   143 | D:1      | Found Lowokai's Weapon Boutique.
   302 | D:1      | Reached XP level 2. HP: 21/22 MP: 0/0
   540 | D:2      | Reached XP level 3. HP: 13/27 MP: 0/0
   540 | D:2      | Learned a level 1 spell: Sting
   691 | D:3      | Found Sovyadgh's Assorted Antiques.
   748 | D:2      | You are sucked into a shaft and drop 2 floors!
   878 | D:4      | Found a basalt altar of Yredelemnul.
   889 | D:4      | Reached XP level 4. HP: 32/32 MP: 0/0
   980 | D:5      | Entered Level 5 of the Dungeon
  1167 | D:5      | Noticed a scorpion
  1175 | D:5      | Killed a scorpion
  1176 | D:5      | Reached skill level 1 in Throwing
  1176 | D:5      | Reached skill level 1 in Armour
  1176 | D:5      | Reached skill level 1 in Stealth
  1176 | D:5      | Reached skill level 4 in Unarmed Combat
  1176 | D:5      | Reached XP level 5. HP: 31/38 MP: 0/0
  1176 | D:5      | Learned a level 2 spell: Searing Ray
  1253 | D:5      | Noticed a phantom
  1263 | D:5      | Killed a phantom
  1264 | D:5      | Reached XP level 6. HP: 33/43 MP: 0/0
  1914 | D:4      | Slain by an iguana

Illustrated notes

Levels and vault maps discovered:
D:1:      tarquinn_simple_flora_water_d, layout_loops_corners, serial_shops,
          nicolae_shop_real_fake_doors
D:2:      layout_loops_corners, uniq_jessica, uniq_terence
D:3:      layout_rooms, mainiacjoe_overflow_boulevard, marbit_many_paths,
          grunt_gozag_statues, mainiacjoe_overflow_six_doors_small,
          elyvilon_altar_3, serial_rivers, chequers_serial_rivers_micro_a,
          chequers_serial_rivers_room_a, chequers_serial_rivers_room_a,
          chequers_serial_rivers_small_3, serial_shops, shop,
          minmay_misc_feat_cross
D:4:      layout_basic, lemuel_mausoleum_altar_yredelemnul, temple_fountains
D:5:      layout_gridville, item_on_display_a

Skill      XL: |  1  2  3  4  5  6 |
---------------+-------------------+-----
Spellcasting   | 2 |  2.7
Throwing       | 1 |  1.8
Armour         | 1 |  1.5
Stealth        | 1 |  1.3
Unarmed Combat | 4 |  4.4
Fighting       | 2 |  2.1
Dodging        | |  2.9
Evocations     | |  0.6

Action                     |  1- 3 |  4- 6 || total
---------------------------+-------+-------++-------
  Melee: Unarmed           |    60 |    21 ||    81
         Headbutt          |     5 |     3 ||     8
         Punch             |     3 |       ||     3
  Throw: Boomerang         |    22 |    14 ||    36
   Cast: Beastly Appendage |     9 |     2 ||    11
         Wereblood         |     4 |     2 ||     6
         Spider Form       |     1 |     5 ||     6
         Searing Ray       |       |    10 ||    10
         Sting             |       |     1 ||     1
  Evoke: Wand              |       |     1 ||     1
    Use: Scroll            |     2 |       ||     2
         Potion            |     1 |     1 ||     2
 Armour: Robe              |    12 |     3 ||    15
         Skin              |     5 |     2 ||     7
  Dodge: Dodged            |    33 |    40 ||    73
